 Dungeon Crawl Stone Soup version 0.30-a0-1163-gf69bf04e7a (webtiles) character file.

Game seed: 8610822616536986616

2702 senseless the Nimble (level 9, -4/74 HPs)
             Began as a Gnoll Monk on Apr 28, 2023.
             Was a Priest of Okawaru.
             Killed from afar by a balrug (7 damage)
             ... with a sticky flame
             ... on level 2 of the Abyss.
             The game lasted 00:22:56 (7433 turns).

senseless the Nimble (Gnoll Monk)                   Turns: 7433, Time: 00:22:57

Health: -4/74      AC: 12    Str: 14    XL:     9   Next: 65%
Magic:  15/15      EV: 12    Int: 11    God:    Okawaru [***...]
Gold:   1372       SH: 13    Dex: 14    Spells: 17/17 levels left

rFire   . . .        C - +2 flail (heavy)
rCold   + . .        o - +4 kite shield "Rethakki" {rPois}
rNeg    . . .        l - +2 ring mail {rC+}
rPois   +            j - +1 helmet
rElec   .            b - +0 cloak
rCorr   .            A - +0 pair of gloves
SInv    .            (no boots)
Will    ++...        (no amulet)
Stlth   +            (no ring)
HPRegen 0.32/turn    (no ring)
MPRegen 0.14/turn

%: no passive effects
@: on fire, glowing
A: fangs 1, strong nose, distributed training, strong-willed 2, MP-powered
wands, noise suppression
a: Renounce Religion, Heroism


You were on level 2 of the Abyss.
You worshipped Okawaru.
Okawaru was most pleased with you.
You visited 1 branch of the dungeon, and saw 8 of its levels.
You visited the Abyss 1 time.

You collected 1422 gold pieces.
You spent 50 gold pieces at shops.

Inventory:

Hand Weapons
 f - a +1 dagger of venom
 k - a +0 short sword of electrocution
 C - a +2 heavy flail (weapon)
Missiles
 t - 4 poisoned darts (quivered)
Armour
 b - a +0 cloak (worn)
 d - an orb of light
 j - a +1 helmet (worn)
 l - a +2 ring mail of cold resistance (worn)
 o - the +4 kite shield "Rethakki" (worn) {rPois}
   (You acquired it on level 6 of the Dungeon)

   rPois:     It protects you from poison.
 A - a +0 pair of gloves (worn)
Wands
 F - a wand of quicksilver (6)
Scrolls
 a - a scroll of magic mapping
 g - 3 scrolls of fear
 h - 5 scrolls of torment
 n - 5 scrolls of teleportation
 s - a scroll of vulnerability
 u - 2 scrolls of immolation
 w - a scroll of blinking
Potions
 c - 2 potions of ambrosia
 i - 2 potions of curing
 m - 3 potions of cancellation
 p - a potion of might
 r - a potion of lignification
 v - a potion of berserk rage
 D - 2 potions of magic
 E - a potion of flight {unknown}


   Skills:
 + Level 8.1 Fighting
 + Level 4.6 Short Blades
 + Level 4.6 Long Blades
 + Level 8.1 Axes
 + Level 4.6 Maces & Flails
 + Level 4.6 Polearms
 + Level 4.6 Staves
 + Level 4.6 Ranged Weapons
 + Level 4.6 Throwing
 + Level 4.6 Armour
 + Level 8.1 Dodging
 + Level 4.6 Stealth
 + Level 4.6 Shields
 + Level 4.6 Unarmed Combat
 + Level 4.6 Spellcasting
 + Level 3.8 Conjurations
 + Level 3.8 Hexes
 + Level 3.8 Summonings
 + Level 3.8 Necromancy
 + Level 3.8 Translocations
 + Level 3.8 Transmutations
 + Level 3.8 Fire Magic
 + Level 3.8 Ice Magic
 + Level 3.8 Air Magic
 + Level 3.8 Earth Magic
 + Level 3.8 Poison Magic
 + Level 5.1 Invocations
 + Level 4.6 Evocations


You had 17 spell levels left.
You didn't know any spells.
Your spell library contained the following spells:

 Spells                   Type           Power      Damage    Failure   Level
 Lesser Beckoning         Tloc           22%        N/A       38%         2
 Gell's Gravitas          Tloc           11%        N/A       63%         3
 Teleport Other           Tloc           11%        N/A       63%         3
 Summon Small Mammal      Summ           Unusable   N/A       N/A         1
 Call Canine Familiar     Summ           Unusable   N/A       N/A         3
 Summon Guardian Golem    Hex/Summ       Unusable   N/A       N/A         3

Dungeon Overview and Level Annotations

Branches:
Dungeon (8/15)             Temple (0/1) D:7
   Lair: D:8-11

Altars:
Cheibriados
Dithmenos
Elyvilon
Gozag
Hepliaklqana
Makhleb
Okawaru
Qazlal
Ru
Uskayaw
Vehumet
Wu Jian
Xom

Shops:
D:1 ?   D:7 *

Annotations:
D:8 Psyche


Innate Abilities, Weirdness & Mutations

You have very sharp teeth.
Your uncanny sense of smell can sniff out nearby items.
Your experience applies equally to all skills.
You are highly strong-willed. (Will++)
You expend magic power (3 MP) to strengthen your wands.
You passively dampen the noise of your surroundings.


Message History

You block the ufetubus's attack. The ufetubus attacks as you move away!
The ufetubus hits you but does no damage.
The ufetubus barely misses you. You block the ufetubus's attack.
The ufetubus barely misses you. The ufetubus attacks as you move away!
You block the ufetubus's attack. x2
The rakshasa weaves an illusion.
The ufetubus shimmers and seems to become two!
The hellion gestures at you.
The sphere of damnation explodes!
The damnation engulfs you!!
The damnation engulfs the ufetubus!
The ufetubus dies!
The damnation engulfs the ufetubus!!
The ufetubus dies!
The ufetubus shimmers and vanishes!
The hellion gestures at you.
The sphere of damnation explodes!
The damnation engulfs you!
A raiju comes into view.
The raiju bursts into living lightning!
The living lightning hits you!
The raiju blinks! x2
The raiju bursts into living lightning!
The living lightning hits you!
* * * LOW HITPOINT WARNING * * *
The raiju blinks!
The raiju bites you but does no damage. The raiju attacks as you move away!
You block the raiju's attack.
A balrug comes into view. It is wielding a +0 demon whip.
The balrug shouts!
The balrug gestures at you. The sticky flame hits you.
You are covered in liquid flames!
* * * LOW HITPOINT WARNING * * *
The balrug gestures at you. You block the sticky flame.
You are covered in liquid flames!
* * * LOW HITPOINT WARNING * * *
The balrug gestures at you. The sticky flame hits you!
You are covered in liquid flames!
You die...

.. ....###..#
####. #.##2#.#
#....ยง
#..#.##
#.....#.#.#..#
#.#...##....#
#.........###
...#..h###.# .
#.#2..#.#
#..#.@###
#...#...#
......##...#
..#... #..#
.#..... ..#
.##... #.#
.... .# .#


You could see a balrug and a raiju.

Vanquished Creatures
  Pikel (D:8)
  A ynoxinul (Abyss:2)
  A steam dragon (D:7)
  3 sky beasts
  3 ice beasts (D:5)
  A centaur (D:8)
  2 ogres
  A phantom (D:5)
  Blork the orc (D:5)
  2 bullfrogs
  3 scorpions
  A small abomination (Abyss:2)
  4 howler monkeys
  4 hounds
  Crazy Yiuf (D:2)
  A gnoll bouda (D:6)
  A sleepcap (D:4)
  2 iguanas
  Natasha (thrice) (D:3)
  An orc wizard (D:6)
  7 gnolls
  6 adders
  3 ufetubi
  2 worms
  3 dart slugs
  12 orcs
  8 ball pythons
  4 endoplasms
  7 giant cockroaches
  11 goblins
  5 hobgoblins
  3 jackals (D:1)
  13 kobolds
  3 quokkas
  5 bats
  4 frilled lizards
  5 rats
138 creatures vanquished.

Vanquished Creatures (others)
  A gnoll (D:7)
  An ufetubus (Abyss:2)
2 creatures vanquished.

Grand Total: 140 creatures vanquished

Notes
Turn   | Place    | Note
-------+----------+-------------------------------------------
     0 | D:1      | senseless the Gnoll Monk began the quest for the Orb.
     0 | D:1      | Reached XP level 1. HP: 23/23 MP: 1/1
   203 | D:1      | Reached XP level 2. HP: 28/29 MP: 2/2
   532 | D:1      | Reached XP level 3. HP: 35/35 MP: 3/3
   950 | D:1      | Found Icruih Wirph's Magic Scroll Emporium.
   953 | D:1      | Bought a scroll of identify for 20 gold pieces
   953 | D:1      | Bought a scroll of teleportation for 30 gold pieces
  1001 | D:2      | Reached skill level 1 in Invocations
  1113 | D:2      | Reached skill level 1 in Short Blades
  1113 | D:2      | Reached skill level 1 in Long Blades
  1113 | D:2      | Reached skill level 1 in Maces & Flails
  1113 | D:2      | Reached skill level 1 in Polearms
  1113 | D:2      | Reached skill level 1 in Staves
  1113 | D:2      | Reached skill level 1 in Ranged Weapons
  1113 | D:2      | Reached skill level 1 in Throwing
  1113 | D:2      | Reached skill level 1 in Armour
  1113 | D:2      | Reached skill level 1 in Stealth
  1113 | D:2      | Reached skill level 1 in Shields
  1113 | D:2      | Reached skill level 1 in Unarmed Combat
  1113 | D:2      | Reached skill level 1 in Spellcasting
  1113 | D:2      | Reached skill level 1 in Evocations
  1122 | D:2      | Reached XP level 4. HP: 29/41 MP: 5/5
  1317 | D:2      | Found a runed translucent door.
  1318 | D:2      | Noticed Crazy Yiuf
  1608 | D:2      | Killed Crazy Yiuf
  1609 | D:2      | Reached skill level 1 in Conjurations
  1609 | D:2      | Reached skill level 1 in Hexes
  1609 | D:2      | Reached skill level 1 in Summonings
  1609 | D:2      | Reached skill level 1 in Necromancy
  1609 | D:2      | Reached skill level 1 in Translocations
  1609 | D:2      | Reached skill level 1 in Transmutations
  1609 | D:2      | Reached skill level 1 in Fire Magic
  1609 | D:2      | Reached skill level 1 in Ice Magic
  1609 | D:2      | Reached skill level 1 in Air Magic
  1609 | D:2      | Reached skill level 1 in Earth Magic
  1609 | D:2      | Reached skill level 1 in Poison Magic
  1798 | D:2      | Identified a scroll of acquirement
  1837 | D:3      | Noticed a scorpion
  1844 | D:3      | Killed a scorpion
  1845 | D:3      | Reached XP level 5. HP: 47/47 MP: 5/7
  2294 | D:3      | Noticed Natasha
  2301 | D:3      | Killed Natasha
  2461 | D:3      | Reached XP level 6. HP: 49/53 MP: 8/8
  2597 | D:3      | Noticed Natasha
  2605 | D:3      | Killed Natasha
  3141 | D:3      | Noticed Natasha
  3147 | D:3      | Killed Natasha
  3818 | D:4      | Reached XP level 7. HP: 59/59 MP: 10/10
  3921 | D:5      | Entered Level 5 of the Dungeon
  4120 | D:5      | Found a burning altar of Makhleb.
  4120 | D:5      | Noticed Blork the orc
  4132 | D:5      | Killed Blork the orc
  4507 | D:5      | Reached XP level 8. HP: 65/67 MP: 12/12
  5634 | D:6      | Gained mutation: You expend magic power (3 MP) to
                  | strengthen your wands. [potion of mutation]
  5634 | D:6      | Gained mutation: You passively dampen the noise of your
                  | surroundings. [potion of mutation]
  5634 | D:6      | Gained mutation: You are strong-willed. (Will+) [potion of
                  | mutation]
  5634 | D:6      | Gained mutation: You are highly strong-willed. (Will++)
                  | [potion of mutation]
  5641 | D:6      | Found a shimmering altar of Xom.
  5642 | D:6      | Found a snail-covered altar of Cheibriados.
  5644 | D:6      | Found a shadowy altar of Dithmenos.
  5647 | D:6      | Found a stormy altar of Qazlal.
  5648 | D:6      | Found a hazy altar of Hepliaklqana.
  5648 | D:6      | Found an opulent altar of Gozag.
  5648 | D:6      | Found an ornate altar of the Wu Jian Council.
  5648 | D:6      | Found a white marble altar of Elyvilon.
  5648 | D:6      | Found an iron altar of Okawaru.
  5651 | D:6      | Found a sacrificial altar of Ru.
  5652 | D:6      | Found a radiant altar of Vehumet.
  5653 | D:6      | Found a hide-covered altar of Uskayaw.
  6013 | D:6      | Became a worshipper of Warmaster Okawaru
  6013 | D:6      | Reached * piety under Okawaru
  6013 | D:6      | Reached ** piety under Okawaru
  6014 | D:6      | Acquired 973 gold pieces
  6016 | D:6      | Acquired the +4 kite shield "Rethakki" {rPois}
  6303 | D:7      | Reached XP level 9. HP: 37/73 MP: 13/15
  6307 | D:7      | Found Gusuuly's Gadget Gallery.
  6833 | D:7      | Found a staircase to the Ecumenical Temple.
  7158 | D:8      | Noticed Pikel
  7169 | D:8      | Killed Pikel
  7169 | D:8      | Reached *** piety under Okawaru
  7170 | D:8      | Reached skill level 5 in Invocations
  7292 | D:8      | Noticed Psyche
  7300 | Abyss:2  | Found a corrupted altar of Lugonu.
  7300 | Abyss:2  | Cast into level 2 of the Abyss (Psyche)
  7332 | Abyss:2  | Found a corrupted altar of Lugonu.
  7398 | Abyss:2  | Noticed a balrug
  7415 | Abyss:2  | Noticed a hellion
  7422 | Abyss:2  | Noticed a rakshasa
  7431 | Abyss:2  | Noticed a balrug
  7433 | Abyss:2  | HP: 3/74 [burnt (8)]
  7433 | Abyss:2  | Killed from afar by a balrug

Illustrated notes

Levels and vault maps discovered:
D:1:      eino_arrival_cavern_e, layout_basic, serial_shops,
          nicolae_shop_rolled_up
D:2:      layout_rooms, grunt_ministairs_1, uniq_crazy_yiuf_cottage
D:3:      layout_loops_ring, uniq_natasha
D:4:      layout_loops_ring
D:5:      layout_loops_ring, mainiacjoe_overflow_boulevard, uniq_blork_the_orc
D:6:      layout_cave_pools, minitemple
D:7:      layout_loops_ring, minmay_temple_entry_fiery, nicolae_shop_gadgets
D:8:      layout_loops_cross, lair_entry_dummy, uniq_joseph, uniq_pikel,
          uniq_psyche, uniq_maurice
Abyss:2:  base: D:1, bh_abyss_exit_grid, spicy_abyss_planar_alliance

Skill      XL: |  1  2  3  4  5  6  7  8  9 |
---------------+----------------------------+-----
Invocations    | 1 2 3 4 5 |  5.1
Short Blades   | 1 2 3 4 |  4.6
Long Blades    | 1 2 3 4 |  4.6
Maces & Flails | 1 2 3 4 |  4.6
Polearms       | 1 2 3 4 |  4.6
Staves         | 1 2 3 4 |  4.6
Ranged Weapons | 1 2 3 4 |  4.6
Throwing       | 1 2 3 4 |  4.6
Armour         | 1 2 3 4 |  4.6
Stealth        | 1 2 3 4 |  4.6
Shields        | 1 2 3 4 |  4.6
Unarmed Combat | 1 2 3 4 |  4.6
Spellcasting   | 1 2 3 4 |  4.6
Evocations     | 1 2 3 4 |  4.6
Conjurations   | 1 2 3 |  3.8
Hexes          | 1 2 3 |  3.8
Summonings     | 1 2 3 |  3.8
Necromancy     | 1 2 3 |  3.8
Translocations | 1 2 3 |  3.8
Transmutations | 1 2 3 |  3.8
Fire Magic     | 1 2 3 |  3.8
Ice Magic      | 1 2 3 |  3.8
Air Magic      | 1 2 3 |  3.8
Earth Magic    | 1 2 3 |  3.8
Poison Magic   | 1 2 3 |  3.8
Fighting       | 7 8 |  8.1
Axes           | 7 8 |  8.1
Dodging        | 7 8 |  8.1

Action                     |  1- 3 |  4- 6 |  7- 9 || total
---------------------------+-------+-------+-------++-------
  Melee: Dagger            |    87 |   137 |    99 ||   323
         Hand axe          |     8 |       |       ||     8
         Bite              |    10 |    18 |    37 ||    65
         Flail             |       |       |   126 ||   126
  Throw: Dart              |       |       |     2 ||     2
    Use: Scroll            |       |     4 |    14 ||    18
         Potion            |       |       |     1 ||     1
   Stab: Sleeping          |       |       |     2 ||     2
 Armour: Robe              |    17 |       |       ||    17
         Ring mail         |    14 |    45 |   112 ||   171
  Dodge: Dodged            |    84 |    67 |   190 ||   341
  Block: Kite shield       |       |       |    91 ||    91

Table legend: (Time is in decaauts)
 A = Elapsed time spent in this place.
 B = Non-inter-level travel time spent in this place.
 C = Inter-level travel time spent in this place.
 D = Time resting spent in this place.
 E = Time spent auto-exploring this place.
 F = Levels seen in this place.
 G = Mean time per level.
                   A        B        C        D        E       F      G
               +--------+--------+--------+--------+--------+-----+--------+
         Total |   7532 |   6654 |    878 |    632 |   4547 |   9 |  836.9 |
       Dungeon |   7390 |   6512 |    878 |    632 |   4462 |   8 |  923.8 |
         Abyss |    141 |    141 |      0 |      0 |     85 |   1 |  141.0 |
               +--------+--------+--------+--------+--------+-----+--------+

Top non-repeatable levels by time:
     D:5: 1499 daAuts
     D:3: 1346 daAuts
     D:1: 1071 daAuts
     D:7: 898 daAuts
     D:6: 801 daAuts
     D:4: 801 daAuts
     D:2: 724 daAuts
     D:8: 247 daAuts
 Abyss:2: 141 daAuts
